[Event "Early-Titled-Tuesday-Blitz-April-23-2024"]
[Site "Chess.com"]
[Date "2024.04.23"]
[Round "6"]
[White "karinachess1"]
[Black "Iball95"]
[Result "0-1"]
[WhiteElo "2608"]
[BlackElo "2853"]
[TimeControl "180+1"]
[EndTime "9:07:41 PDT"]
[Termination "Iball95 won by resignation"]

1. d4 d5 2. c4 e6 3. Nc3 c5 4. cxd5 cxd4 5. Qa4+ Bd7 6. Qxd4 exd5 7. Qxd5 Nf6 8. Qb3 Na6 9. Nf3 Nc5 10. Qc2 Rc8 11. e3 Bd6 12. Be2 O-O 13. O-O Qe7 14. Bd2 Nce4 15.
Rac1 Rfe8 16. Be1 Bc6 17. Nxe4 Nxe4 18. Bc3 Nxc3 19. bxc3 Be4 20. Qb3 Rc5 21. h3 Bb8 22. Rfd1 Qc7 23. Rd4 h6 24. Rdd1 a6 25. c4 b5 26. a4 Rc8 27. axb5 axb5 28. Qc3 bxc4 29. g3 Rh5 30. h4 Rf5 31. Ne1 Rxf2 32. Kxf2 Qxg3+ 33. Kf1 Qh3+ 34. Kf2 Bg3+ 35. Kg1 Qh2+ 0-1

[Event "Early-Titled-Tuesday-Blitz-April-23-2024"]
[Site "Chess.com"]
[Date "2024.04.23"]
[Round "6"]
[White "Thunderbolt135"]
[Black "platy3"]
[Result "0-1"]
[WhiteElo "2670"]
[BlackElo "2894"]
[TimeControl "180+1"]
[EndTime "9:07:44 PDT"]
[Termination "platy3 won by resignation"]

1. b3 e5 2. Bb2 Nc6 3. e3 g6 4.
Nf3 Bg7 5. d4 exd4 6. Nxd4 Nxd4 7. Bxd4 Bxd4 8. Qxd4 Qf6 9. Qxf6 Nxf6 10. c4 d6 11. Nc3 a5 12. g3 c6 13. Bg2 Ke7 14.
h3 h5 15. Ke2 Be6 16. Rhd1 Nd7 17. Rd4 Nc5 18. Rad1 Rhd8 19. Rb1 Ra6 20. e4 Rb6 21.
Kd2 Rb4 22. Kc2 a4 23. Rb2 Ra8 24. bxa4 Rxb2+ 25. Kxb2 Nxa4+ 26. Nxa4 Rxa4 27. Bf1 b5 28. f4 bxc4 29. g4 hxg4 30. hxg4 c5 31. Rd2 Bxg4 32. Rc2 Be6 33. Rc3 f5 34. exf5 gxf5 35. a3 d5 36. Be2 d4 37. Rh3 c3+ 0-1

[Event "Early-Titled-Tuesday-Blitz-April-23-2024"]
[Site "Chess.com"]
[Date "2024.04.23"]
[Round "6"]
[White "GlennTipton"]
[Black "ProtectiveCarrot"]
[Result "0-1"]
[WhiteElo "2492"]
[BlackElo "2354"]
[TimeControl "180+1"]
[EndTime "9:07:44 PDT"]
[Termination "ProtectiveCarrot won by resignation"]

1. d4 a6 2. e4 e6 3. f4 d5 4. e5 c5 5. Nf3 Bd7 6. Be3 Qb6 7. Qc1 Nh6 8. c3 Nf5 9. Bf2 h5 10. Bd3 Bb5 11. Bxb5+ axb5 12. dxc5 Bxc5 13. O-O h4 14. Nbd2 Ne3 15. Re1 Ng4 16. Bxc5 Qxc5+ 17. Nd4 h3 18. Nb3 Qb6 19. g3 Nc6 20. Qd2 Ra4 21. a3 Kd7 22. Rad1 Nh6 23. Qf2 Kc7 24. Nc2 Ng4 25. Qxb6+ Kxb6 26. Ncd4 g5 27. Nxc6 bxc6 28. fxg5 Rg8 29. Nd4 Rxg5 30. Nf3 Rf5 31. Rd3 Re4 32. Kf1 Rxf3+ 33. Rxf3 Nxh2+ 34. Kf2 Nxf3 0-1

[Event "Early-Titled-Tuesday-Blitz-April-23-2024"]
[Site "Chess.com"]
[Date "2024.04.23"]
[Round "6"]
[White "JaackCamel"]
[Black "doctorcristian"]
[Result "0-1"]
[WhiteElo "2191"]
[BlackElo "2573"]
[TimeControl "180+1"]
[EndTime "9:07:48 PDT"]
[Termination "doctorcristian won by checkmate"]

1. d4 g6 2. c4 Bg7 3. e4 c5 4. d5 d6 5. Nf3 Bg4 6. Be2 Nd7 7. O-O h6 8. Qc2 g5 9. Nc3 Bxf3 10. Bxf3 Be5 11. Bg4 Ngf6 12. Bf5 a6 13. Ne2 Qc7 14. f4 gxf4 15. Nxf4 O-O-O 16. a3 Kb8 17. Rb1 Rdg8 18. Be3 h5 19. Kh1 Ng4 20. Bg1 Nf8 21. b4 e6 22. dxe6 Bxf4 23. Rxf4 fxe6 24. Bxg4 Rxg4 25. Qf2 Nd7 26. Rf7 Rhg8 27. Rb2 Qc6 28. Qf3 Ne5 29. Rf8+ Ka7 30. Qf6 Nd3 31. Re2 Rxf8 32. Qxf8 h4 33. Qf3 Ne5 34. Qf6 h3 35. gxh3 Rxe4 36. Rg2 Re2 37.
Qg7 Nxc4 38. bxc5 Rxg2 39. Qxg2 d5 40. Qg7 e5 41. Qe7 d4# 0-1

[Event "Early-Titled-Tuesday-Blitz-April-23-2024"]
[Site "Chess.com"]
[Date "2024.04.23"]
[Round "6"]
[White "Nikita_Klepikov"]
[Black "amanjazu"]
[Result "0-1"]
[WhiteElo "2362"]
[BlackElo "2540"]
[TimeControl "180+1"]
[EndTime "9:07:49 PDT"]
[Termination "amanjazu won on time"]

1. e4 c5 2. Nf3 d6 3. d4 cxd4 4. Nxd4 Nf6 5. Nc3 a6 6. Bc4 g6 7.
f3 Bg7 8. Be3 Qc7 9. Bb3 Nbd7 10. Qd2 Nc5 11. Nd5 Nxd5 12. Bxd5 e6 13. Bb3 b5 14. g4 Bb7 15. h4 h5 16. gxh5 Rxh5 17.
c3 d5 18. exd5 Bxd5 19. Qc2 O-O-O 20. O-O-O Nxb3+ 21. axb3 Bf6 22. Bf2 e5 23. Ne2 Bxf3 24. Rxd8+ Qxd8 25. Rh3 Bg5+ 26. Kb1 Bg4 27. Rg3 Bf5 0-1

[Event "Early-Titled-Tuesday-Blitz-April-23-2024"]
[Site "Chess.com"]
[Date "2024.04.23"]
[Round "6"]
[White "vasblesk"]
[Black "EddieMarsalla"]
[Result "0-1"]
[WhiteElo "2804"]
[BlackElo "2655"]
[TimeControl "180+1"]
[EndTime "9:07:51 PDT"]
[Termination "EddieMarsalla won by checkmate"]

1. Nf3 d5 2. g3 Bf5 3. Bg2 e6 4. O-O c6 5. d3 Nd7 6. Qe1 Bc5 7. e4 dxe4 8. dxe4 Bg4 9. Nbd2 Ngf6 10. h3 Bxf3 11.
Nxf3 Qc7 12. Bf4 Qb6 13. Rb1 a5 14. e5 Nh5 15. Be3 Bxe3 16. fxe3 Qc5 17. b4 axb4 18.
Rxb4 Nxg3 19. Qxg3 Qxb4 20. Qxg7 Qf8 21. Qg4 Qc5 22. Qg7 Qxe3+ 23. Kh1 O-O-O 24. Qxf7 Nc5 25. Qh5 Ne4 26. Qh4 Rhg8 27. Re1 Nf2+ 28. Kh2 Qc5 29. Qxh7 Ng4+ 30. Kh1 Nf2+ 31. Kh2 Ng4+ 32. Kh1 Ne3 33. Re2 Nxg2 34. Rxg2 Rh8 35. Qe4 Rxh3+ 36. Rh2 Rxh2+ 37. Kxh2 Qf2+ 38. Kh3 Rg8 39. Qf4 Qg2+ 40. Kh4 Rh8+ 41. Qh6 Rxh6# 0-1

[Event "Early-Titled-Tuesday-Blitz-April-23-2024"]
[Site "Chess.com"]
[Date "2024.04.23"]
[Round "6"]
[White "Korchmar_Vasiliy"]
[Black "szachuspl"]
[Result "1-0"]
[WhiteElo "2708"]
[BlackElo "2537"]
[TimeControl "180+1"]
[EndTime "9:07:51 PDT"]
[Termination "Korchmar_Vasiliy won by resignation"]

1. d4 Nf6 2. c4 g6 3. Nc3 Bg7 4. e4 d6 5. Be2 O-O 6. Bg5 c5 7. d5 h6 8. Be3 e6 9. h3 exd5 10. exd5 Re8 11. Nf3 Bf5 12. O-O Ne4 13. Nxe4 Bxe4 14.
Nd2 Bf5 15. g4 Bd7 16. Bd3 Na6 17. a3 h5 18. gxh5 Bxh3 19. hxg6 Qh4 20. gxf7+ Kxf7 21. Qf3+ Bf6 22. Bf4 Rg8+ 23. Bg3 Bxf1 24. Rxf1 Qg4 25.
Qxg4 Rxg4 26. Ne4 Be5 27. f4 Bd4+ 28. Kg2 Ke7 29. Ng5 Rg8 30. Kf3 R4xg5 31. fxg5 Rxg5 32. Bh4 Bf6 33. Bxg5 Bxg5 34. Rh1 Nc7 35. Rh7+ Kd8 36. Bf5 Ne8 37. Rd7+ Kc8 38. Rg7+ Kd8 39. Rxg5 Nf6 40. Rg7 1-0

[Event "Early-Titled-Tuesday-Blitz-April-23-2024"]
[Site "Chess.com"]
[Date "2024.04.23"]
[Round "6"]
[White "yaguigor"]
[Black "JSPrepz"]
[Result "0-1"]
[WhiteElo "2601"]
[BlackElo "2812"]
[TimeControl "180+1"]
[EndTime "9:07:53 PDT"]
[Termination "JSPrepz won by resignation"]

1. e4 e5 2. Nf3 Nc6 3. Bb5 f5 4. Nc3 fxe4 5. Nxe4 d5 6. Nxe5 dxe4 7. Nxc6 Qd5 8. c4 Qd6 9. Qh5+ g6 10. Qe5+ Qxe5 11. Nxe5+ c6 12. Ba4 Bg7 13. d4 exd3 14. Bf4 Bf5 15. O-O-O Nf6 16. Nxd3 O-O-O 17. Bc2 Rd4 18. Be3 Rxc4 19. b3 Rxc2+ 20. Kxc2 Rd8 21.
Bg5 Rd5 22. Bxf6 Bxf6 23. Rhe1 a5 24. a4 b5 25. axb5 cxb5 26. Re3 a4 27. bxa4 bxa4 28.
f3 h5 29. Re4 Bxe4 30. fxe4 Ra5 31. e5 Bxe5 32. Nxe5 Rxe5 33. Rd2 Re3 34. Kd1 Kc7 35. Rd4 Ra3 36. h4 Ra2 37. g4 a3 38. gxh5 gxh5 39.
Ra4 Kb6 40. Kc1 Kb5 41. Ra8 Kc4 42. Rc8+ Kd3 43. Rd8+ Ke3 44. Rh8 Rh2 45. Rxh5 Rh1+ 46. Kc2 a2 0-1

[Event "Early-Titled-Tuesday-Blitz-April-23-2024"]
[Site "Chess.com"]
[Date "2024.04.23"]
[Round "6"]
[White "littlepinkyboy"]
[Black "kuli4ik"]
[Result "0-1"]
[WhiteElo "2669"]
[BlackElo "2883"]
[TimeControl "180+1"]
[EndTime "9:07:54 PDT"]
[Termination "kuli4ik won by resignation"]

1. e4 g6 2. d4 Bg7 3. Nf3 d6 4. Be2 Nf6 5. Nc3 O-O 6. O-O a6 7. a4 Nc6 8. h3 e5 9. Be3 exd4 10.
Nxd4 Re8 11. Nxc6 bxc6 12. Bd3 Rb8 13. Rb1 Nd7 14. Qd2 Ne5 15. f4 Nxd3 16. cxd3 f5 17. Qc2 Be6 18. b4 Qd7 19. Nd1 fxe4 20. dxe4 d5 21. Nf2 dxe4 22. Rfd1 Bd5 23. Rd2 h5 24. Nd1 Qe7 25. Nc3 Red8 26. b5 axb5 27. axb5 Qa3 28.
Nxd5 Rxd5 29. Bf2 e3 30. Rxd5 exf2+ 31. Qxf2 cxd5 32. Qc2 Qd6 33. Qd2 Rf8 34. Qd3 Rxf4 35. Rd1 Rd4 36. Qe2 Rxd1+ 37. Qxd1 d4 38. Kh1 d3 39. Qb3+ Kh7 40. Qd1 d2 41. Kg1 Qf4 42. Kh1 Be5 0-1

[Event "Early-Titled-Tuesday-Blitz-April-23-2024"]
[Site "Chess.com"]
[Date "2024.04.23"]
[Round "6"]
[White "M1711"]
[Black "Barath1308"]
[Result "0-1"]
[WhiteElo "2670"]
[BlackElo "2545"]
[TimeControl "180+1"]
[EndTime "9:07:55 PDT"]
[Termination "Barath1308 won by resignation"]

1. e4 c5 2. Nf3 d6 3. Bb5+ Bd7 4. a4 Nf6 5. Nc3 e6 6. O-O Be7 7. e5 dxe5 8. Nxe5 O-O 9. d4 cxd4 10.
Qxd4 a6 11. Nxd7 axb5 12. Nxf6+ Bxf6 13. Qxd8 Rxd8 14. Nxb5 Nc6 15. c3 Na5 16. Bf4 Nb3 17. Ra3 Nc5 18. a5 Nd3 19. Bc1 Rdc8 20. Rd1 Nxc1 21. Rxc1 Rc5 22. Nd6 Rcxa5 23. Rb3 Ra1 24. Rf1 Be5 25. Nxb7 Bxh2+ 26. Kxh2 Rxf1 27. Kg3 Rb8 28. Rb5 g6 29. c4 Rc1 30. c5 Kf8 31. b4 Ke7 32. Rb6 Kd7 33. b5 Kc7 34. Na5 Rxb6 35.
cxb6+ Kxb6 36. Nc6 Rxc6 37. bxc6 Kxc6 38. Kf4 f6 39. g4 g5+ 40. Ke4 Kd6 41. Kd4 f5 42. f3 e5+ 43. Kc4 e4 44. gxf5 exf3 45. Kd3 Ke5 46. Ke3 Kxf5 47. Kxf3 g4+ 48. Kg3 Kg5 49. Kg2 h5 0-1

[Event "Early-Titled-Tuesday-Blitz-April-23-2024"]
[Site "Chess.com"]
[Date "2024.04.23"]
[Round "6"]
[White "laiciffOneslraCsungaM"]
[Black "DonJuanEGenaro"]
[Result "0-1"]
[WhiteElo "2298"]
[BlackElo "2036"]
[TimeControl "180+1"]
[EndTime "9:07:57 PDT"]
[Termination "DonJuanEGenaro won by resignation"]

1. e4 c5 2. Nf3 Nc6 3. Bb5 e6 4. O-O Nge7 5. Re1 a6 6. Bf1 Ng6 7. c3 Be7 8. d4 cxd4 9. cxd4 d5 10. e5 O-O 11. Nc3 f6 12. Bd3 f5 13. g3 b5 14. h4 Nxh4 15. gxh4 Bxh4 16. Bf4 Be7 17. Qd2 h6 18. Kh1 g5 19. Rg1 Kf7 20. Bh2 Rh8 21. Ne2 g4 22. Ne1 Bg5 23. Bf4 Bd7 24.
Kg2 Bxf4 25. Qxf4 h5 26. Kf1 Qe7 27. f3 Rag8 28. Nc2 Qg5 29. Qxg5 Rxg5 30. f4 Rg7 31. a4 Rb8 32. axb5 axb5 33. b4 h4 34. Nc3 g3 35. Kg2 h3+ 36. Kxh3 g2 0-1

[Event "Early-Titled-Tuesday-Blitz-April-23-2024"]
[Site "Chess.com"]
[Date "2024.04.23"]
[Round "6"]
[White "mary-sanna"]
[Black "Likvidator228"]
[Result "0-1"]
[WhiteElo "2250"]
[BlackElo "2500"]
[TimeControl "180+1"]
[EndTime "9:07:58 PDT"]
[Termination "Likvidator228 won by checkmate"]

1. d4 f5 2. Nf3 Nf6 3. c4 g6 4.
Nc3 Bg7 5. Bf4 O-O 6. e3 d6 7.
h4 Nh5 8. Bg5 h6 9. Bf4 Nc6 10.
d5 Ne5 11. Be2 Nxf4 12. exf4 Ng4 13. O-O e5 14. dxe6 Bxe6 15. Nd4 Bxd4 16. Qxd4 Qxh4 17. Bxg4 fxg4 18. g3 Qf6 19. Qxf6 Rxf6 20. b3 Rff8 21. Nb5 Rf7 22. Rfe1 Bf5 23. Re3 a6 24. Nd4 Bd7 25.
Rae1 Kf8 26. Kg2 Kg7 27. f3 gxf3+ 28. Kxf3 b5 29. Rc3 c5 30. Ne6+ Kf6 31. Nc7 Bc6+ 32. Kf2 Rxc7 33. cxb5 axb5 34. Re2 Re7 35. Rd2 Re6 36. Rcd3 d5 37. Rc3 c4 38. bxc4 bxc4 39.
Rb2 Ra4 40. a3 d4 41. Rc1 c3 42. Rb8 Rxa3 43. Rf8+ Kg7 44. Rd8 Ra2+ 45. Kf1 Ree2 46. Rxd4 Rh2 47. Rxc3 Rh1# 0-1

[Event "Early-Titled-Tuesday-Blitz-April-23-2024"]
[Site "Chess.com"]
[Date "2024.04.23"]
[Round "6"]
[White "Rakhmanov_Aleksandr"]
[Black "Alexchess1984"]
[Result "1-0"]
[WhiteElo "2874"]
[BlackElo "2659"]
[TimeControl "180+1"]
[EndTime "9:07:59 PDT"]
[Termination "Rakhmanov_Aleksandr won by resignation"]

1. d4 e6 2. e4 d5 3. exd5 exd5 4. c4 Nf6 5. Nc3 Bd6 6. cxd5 O-O 7. Bd3 Re8+ 8.
Nge2 Nbd7 9. Bg5 Nb6 10. Qd2 Be7 11. O-O Nfxd5 12. Bxe7 Qxe7 13. Rfe1 Qh4 14. Nf4 Be6 15.
Nxe6 Rxe6 16. Rxe6 fxe6 17. Re1 Nf4 18. g3 Nh3+ 19. Kg2 Qh5 20. Re5 g5 21. Be2 Qh6 22. Bg4 Nc4 23. Rxe6 Qf8 24. Qe2 Qxf2+ 25. Qxf2 Nxf2 26.
Kxf2 Rf8+ 27. Ke2 Nxb2 28. Re7 Rd8 29. d5 Nc4 30. Rxc7 Nd6 31. Be6+ Kh8 32. Kd3 a5 33.
Ne4 b5 34. Nxd6 Rxd6 35. Kd4 b4 36. Ke5 Rc6 37. dxc6 1-0

[Event "Early-Titled-Tuesday-Blitz-April-23-2024"]
[Site "Chess.com"]
[Date "2024.04.23"]
[Round "6"]
[White "kacperkarwowski"]
[Black "HATilay"]
[Result "0-1"]
[WhiteElo "2505"]
[BlackElo "2643"]
[TimeControl "180+1"]
[EndTime "9:08:02 PDT"]
[Termination "HATilay won by resignation"]

1. d4 Nf6 2. c4 e6 3. Nc3 Bb4 4. Qc2 O-O 5. g3 c5 6. dxc5 Na6 7. Bg2 Nxc5 8. a3 Bxc3+ 9. Qxc3 a5 10. Nf3 Nfe4 11. Qc2 a4 12. Be3 f5 13. O-O b6 14.
Ne5 d6 15. Bxc5 bxc5 16. Bxe4 fxe4 17. Qxe4 Ra6 18. Nd3 Rb6 19. Rad1 Qf6 20. Rd2 Bb7 21. Qe3 Rb3 22. f3 e5 23. Qf2 Qe6 24. Nc1 Rb6 25. Rc2 e4 26. f4 e3 27. f5 Qe4 28. Qf3 Qxc2 29. Qxe3 Qe4 0-1

[Event "Early-Titled-Tuesday-Blitz-April-23-2024"]
[Site "Chess.com"]
[Date "2024.04.23"]
[Round "6"]
[White "arenal72"]
[Black "Gryffindorac8"]
[Result "1-0"]
[WhiteElo "2624"]
[BlackElo "2452"]
[TimeControl "180+1"]
[EndTime "9:08:03 PDT"]
[Termination "arenal72 won on time"]

1. Nf3 Nf6 2. g3 d5 3. Bg2 Bf5 4.
O-O e6 5. d3 h6 6. c4 c6 7. Be3 Be7 8. Nc3 O-O 9. Rc1 Nbd7 10. Qb3 Qc8 11. cxd5 exd5 12. Nd4 Nc5 13. Qa3 Bh3 14. Nxc6 bxc6 15. Bxc5 Bxc5 16. Qxc5 Re8 17.
e3 h5 18. Qd4 Qf5 19. Ne2 Rac8 20. Nf4 Bxg2 21. Kxg2 h4 22. Nh3 Ng4 23. Qf4 Qg6 24.
d4 Re4 25. Qf3 Rce8 26. Nf4 Qg5 27. Rxc6 hxg3 28. hxg3 Nh6 29. Qh5 Qe7 30. Nxd5 Qb7 31. Rxh6 gxh6 32. Nf6+ Kg7 33. Nxe4 Qxe4+ 34. Qf3 Qc2 35. Qf4 Qxb2 36. Rh1 Re6 37. Rh4 Qxa2 38. Rg4+ 1-0

[Event "Early-Titled-Tuesday-Blitz-April-23-2024"]
[Site "Chess.com"]
[Date "2024.04.23"]
[Round "6"]
[White "Juicy_Fork"]
[Black "Sadykov_Ramil"]
[Result "0-1"]
[WhiteElo "2472"]
[BlackElo "2630"]
[TimeControl "180+1"]
[EndTime "9:08:05 PDT"]
[Termination "Sadykov_Ramil won on time"]

1. e4 d5 2. exd5 Qxd5 3. Nc3 Qe5+ 4. Be2 Bg4 5. d4 Bxe2 6. Ngxe2 Qa5 7. b4 Qb6 8. O-O Nf6 9. Bg5 Nbd7 10. a4 a5 11. bxa5 Qxa5 12. Bxf6 Nxf6 13. Rb1 Qa6 14. a5 e6 15. Nf4 Bd6 16. Nd3 Qxa5 17. Nb5 Rb8 18. c4 O-O 19. Qb3 Rfd8 20. c5 Be7 21. Nf4 c6 22. Nc3 Rxd4 23. Nfe2 Rdd8 24. Ra1 Qxc5 25. Rfc1 Qe5 26. g3 Nd5 0-1

[Event "Early-Titled-Tuesday-Blitz-April-23-2024"]
[Site "Chess.com"]
[Date "2024.04.23"]
[Round "6"]
[White "Kiborg95"]
[Black "KononenkoD"]
[Result "1-0"]
[WhiteElo "2835"]
[BlackElo "2606"]
[TimeControl "180+1"]
[EndTime "9:08:06 PDT"]
[Termination "Kiborg95 won by resignation"]

1. e4 c6 2. d4 d5 3. e5 Bf5 4. h4 h5 5. c4 e6 6. Nc3 Nd7 7. cxd5 cxd5 8. Bd3 Bxd3 9. Qxd3 Bb4 10. Bg5 Ne7 11. Nf3 Rc8 12. O-O O-O 13. Ne2 g6 14. a3 Ba5 15. Nf4 Kg7 16. g4 hxg4 17. Nh2 Rh8 18. Nxg4 Qe8 19. Nf6 Qd8 20. h5 Nf8 21.
Kg2 Nf5 22. hxg6 fxg6 23. Rh1 Rxh1 24. Rxh1 Kf7 25. Rh8 Qc7 26. Qh3 Bd2 27. Rh7+ Nxh7 28. Qxh7+ Ng7 29. Qxg6+ Kf8 30. Nh7+ Kg8 31. Nxe6 Bxg5 32.
Nxc7 Rxc7 33. Nxg5 Kf8 34. Ne6+ Nxe6 35. Qxe6 Rg7+ 36. Kf3 Rf7+ 37. Ke3 Rh7 38. Qxd5 Rh1 39. Qxh1 1-0

[Event "Early-Titled-Tuesday-Blitz-April-23-2024"]
[Site "Chess.com"]
[Date "2024.04.23"]
[Round "6"]
[White "YairParkhov"]
[Black "AryanTari"]
[Result "0-1"]
[WhiteElo "2747"]
[BlackElo "2951"]
[TimeControl "180+1"]
[EndTime "9:08:07 PDT"]
[Termination "AryanTari won by resignation"]

1. e4 e5 2. Nf3 Nc6 3. Bb5 Nge7 4.
Nc3 Ng6 5. d4 exd4 6. Nxd4 Nxd4 7. Qxd4 c6 8. Be2 Qb6 9. Qd3 Be7 10. O-O O-O 11. a4 d6 12. a5 Qc7 13. Qg3 f5 14.
exf5 Bxf5 15. Bd3 Bh4 16. Qe3 Rae8 17. Qd4 Bxd3 18. Qxd3 Bxf2+ 19. Kh1 Ne5 20. Qh3 d5 21. Be3 Bxe3 22. Qxe3 a6 23. Rxf8+ Rxf8 24. Re1 Nc4 25. Qe6+ Qf7 26. Qxf7+ Kxf7 27. b4 Re8 28. Rf1+ Kg6 29.
Na4 Re2 30. c3 Ne3 31. Rg1 Ng4 32. Rc1 Nf2+ 33. Kg1 Ne4 34. c4 dxc4 35. Nc5 Nxc5 36. bxc5 Ra2 37. Rxc4 Rxa5 38. Kf2 Rb5 39. Ke3 Rb2 40.
Rg4+ Kf6 41. Rf4+ Ke6 42. Re4+ Kd5 43. Re7 Rxg2 44. Rxb7 Kxc5 45. h4 h5 46. Ra7 Kb6 47. Rf7 Rg4 48. Kf3 g6 49. Rf6 a5 50. Ke3 a4 0-1

[Event "Early-Titled-Tuesday-Blitz-April-23-2024"]
[Site "Chess.com"]
[Date "2024.04.23"]
[Round "6"]
[White "zurzan"]
[Black "BurningggIce"]
[Result "1-0"]
[WhiteElo "2136"]
[BlackElo "2393"]
[TimeControl "180+1"]
[EndTime "9:08:07 PDT"]
[Termination "zurzan won on time"]

1. c4 e5 2. g3 Nc6 3. Bg2 f5 4. Nf3 Nf6 5. O-O g6 6. d3 Bg7 7. Nc3 O-O 8. e4 d6 9. a3 a5 10. Rb1 Kh8 11. b4 axb4 12. axb4 fxe4 13. dxe4 Bg4 14. h3 Bxf3 15. Bxf3 Nd4 16. Bg2 Qd7 17.
Nd5 Nxd5 18. cxd5 Rf7 19. Be3 Raf8 20. Bxd4 exd4 21. Qd3 Qa4 22. b5 Ra8 23. b6 c5 24.
dxc6 bxc6 25. Qb3 Qxb3 26. Rxb3 Rb8 27. Rfb1 c5 28. e5 Bxe5 29. b7 c4 30. Ra3 d3 31. Ra8 Rff8 32. Bf1 Kg7 33. Rb4 d5 34. Rb5 Bd4 35. Rxd5 Bxf2+ 36. Kg2 Rxb7 37. Rxf8 Kxf8 38. Kxf2 Rf7+ 39. Kg2 Rb7 40. Rc5 Rb2+ 41. Kf3 Rc2 42.
Ke3 Rc1 43. Bxd3 Rc3 44. Rxc4 Ra3 45. Kd4 Ra5 46. Rc5 Ra1 47. Rc7 Kg8 48. Bc4+ Kh8 49. Be6 Ra3 50. Rc3 Ra4+ 51. Ke3 Kg7 52. Kf3 Kf6 53.
Bc4 1-0

[Event "Early-Titled-Tuesday-Blitz-April-23-2024"]
[Site "Chess.com"]
[Date "2024.04.23"]
[Round "6"]
[White "MyDream003"]
[Black "FairChess_on_YouTube"]
[Result "0-1"]
[WhiteElo "2818"]
[BlackElo "3093"]
[TimeControl "180+1"]
[EndTime "9:08:08 PDT"]
[Termination "FairChess_on_YouTube won on time"]

1. Nf3 b5 2. g3 Bb7 3. Bg2 Nf6 4.
O-O g6 5. b3 Bg7 6. Bb2 O-O 7.
d4 d6 8. Nbd2 b4 9. a3 a5 10.
axb4 axb4 11. Rxa8 Bxa8 12. Ne1 Nbd7 13. Nd3 Bxg2 14.
Kxg2 Qa8+ 15. Kg1 Nd5 16. Nc4 f5 17. Qd2 Qb7 18. Ra1 N7f6 19. f3 h5 20. Qe1 h4 21.
Ra4 hxg3 22. hxg3 f4 23. Nxf4 Nxf4 24. gxf4 Nh5 25. Qxb4 Qc8 26. e3 g5 27. Qe1 Qh3 28. Qf1 Qf5 29. Qg2 gxf4 30. e4 Qh7 31. Ra5 Ng3 32. Rg5 Kf7 33. Rg4 Ke8 34. Bc1 Bxd4+ 0-1

[Event "Early-Titled-Tuesday-Blitz-April-23-2024"]
[Site "Chess.com"]
[Date "2024.04.23"]
[Round "6"]
[White "Meri-Arabidze"]
[Black "Smiechu"]
[Result "1-0"]
[WhiteElo "2666"]
[BlackElo "2465"]
[TimeControl "180+1"]
[EndTime "9:08:08 PDT"]
[Termination "Meri-Arabidze won by resignation"]

1. Nf3 Nf6 2. b3 d6 3. Bb2 e5 4.
g3 Nc6 5. Bg2 g6 6. O-O Bg7 7.
c4 O-O 8. d3 h6 9. a3 Be6 10. b4 Qd7 11. b5 Ne7 12. a4 Bh3 13.
Nc3 Bxg2 14. Kxg2 c6 15. Qb3 Qe6 16. Ba3 Nf5 17. e3 e4 18. dxe4 Nxe4 19. Bb2 h5 20. Kg1 h4 21. Nxe4 Qxe4 22. Nd2 Qg4 23. Bxg7 Kxg7 24.
Qc3+ Kg8 25. e4 Ng7 26. f3 Qe6 27. Rad1 hxg3 28. hxg3 d5 29. cxd5 cxd5 30. exd5 Qh3 31. Ne4 f5 32. Nf6+ Rxf6 33. Qxf6 Qxg3+ 34. Kh1 Re8 35. Rd2 Qh3+ 36. Kg1 Rf8 37. Qxg6 Rf7 38. Rh2 1-0

[Event "Early-Titled-Tuesday-Blitz-April-23-2024"]
[Site "Chess.com"]
[Date "2024.04.23"]
[Round "6"]
[White "Hope_6"]
[Black "KetiTsatsalashvili"]
[Result "0-1"]
[WhiteElo "2649"]
[BlackElo "2426"]
[TimeControl "180+1"]
[EndTime "9:08:08 PDT"]
[Termination "KetiTsatsalashvili won on time"]

1. d4 Nf6 2. c4 e6 3. Nf3 b6 4. a3 Bb7 5. Nc3 d5 6. cxd5 exd5 7. Qc2 h6 8. Bf4 c6 9. e3 Bd6 10. Ne5 O-O 11. Bd3 Nh5 12. O-O Nxf4 13. exf4 Nd7 14. Rae1 Nf6 15. Re3 Rc8 16. Rfe1 c5 17. dxc5 Bxc5 18.
Rg3 d4 19. Na4 Bb4 20. Qe2 Bxe1 21. Qxe1 Qe8 22. b3 Nh5 23. Rg4 b5 24. Nb2 Nf6 25.
Rh4 Rc3 26. f3 Qc8 27. Nd1 Rc1 28. h3 Nd5 29. Kh2 Ne3 30. Qg3 Rxd1 31. Be2 Qc1 32. Bxd1 Nf1+ 0-1

[Event "Early-Titled-Tuesday-Blitz-April-23-2024"]
[Site "Chess.com"]
[Date "2024.04.23"]
[Round "6"]
[White "samidescalona2002"]
[Black "ChadBiryani"]
[Result "1-0"]
[WhiteElo "2727"]
[BlackElo "2443"]
[TimeControl "180+1"]
[EndTime "9:08:10 PDT"]
[Termination "samidescalona2002 won by resignation"]

1. d4 Nf6 2. c4 e5 3. dxe5 Ng4 4. Nf3 Bc5 5. e3 Nc6 6. Be2 O-O 7. Nc3 Re8 8. O-O a5 9. b3 Ngxe5 10. Bb2 Nxf3+ 11. Bxf3 Ne5 12. Be2 Ra6 13. Nd5 Rh6 14. g3 d6 15.
Bxe5 Rxe5 16. Bg4 Rg5 17. Bxc8 c6 18. Bxb7 cxd5 19. Bxd5 Rgh5 20. h4 Rxh4 21. gxh4 Qxh4 22. Re1 Rf6 23. Bf3 Qh3 24. Qd5 h6 25. Bg2 Qh4 26. Qa8+ Kh7 27. Qe4+ Qxe4 28. Bxe4+ g6 29. Rad1 Re6 30.
Bd5 Re5 31. Kg2 f5 32. f4 Re7 33. e4 fxe4 34. Rxe4 Ra7 35. Rde1 g5 36. f5 Kg7 37. Re6 Re7 38. Rxe7+ 1-0

[Event "Early-Titled-Tuesday-Blitz-April-23-2024"]
[Site "Chess.com"]
[Date "2024.04.23"]
[Round "6"]
[White "Manukyan_Artak"]
[Black "Ariadna_Atreides"]
[Result "1-0"]
[WhiteElo "2458"]
[BlackElo "2230"]
[TimeControl "180+1"]
[EndTime "9:08:10 PDT"]
[Termination "Manukyan_Artak won by resignation"]

1. e4 c6 2. d4 d5 3. e5 Bf5 4. c4 e6 5. Nc3 Bb4 6. Qb3 Qe7 7. Bd2 a5 8. a3 Bxc3 9. bxc3 a4 10. Qb4 Qxb4 11. cxb4 dxc4 12. Bxc4 b5 13. Be2 Ne7 14. f3 Nd5 15. g4 Bg6 16. h4 h5 17. Rc1 Kd7 18.
Kf2 Na6 19. Kg3 f6 20. Nh3 hxg4 21. fxg4 Be4 22. Rhf1 Rh7 23. Nf2 Bg6 24. h5 Bf7 25. Ne4 Rg8 26. Ng5 fxg5 27. Rxf7+ Ke8 28. Ra7 Nac7 29. Rxc6 Kd7 30. Bxb5 Kd8 31. Bxg5+ Kc8 32. Ra8+ Kb7 33. Rxg8 Nxb5 34. Rxe6 Nbc3 35. Rg6 Ne2+ 36. Kh4 Nxd4 37. R8xg7+ Rxg7 38. Rxg7+ Kc6 39. h6 Nf3+ 40. Kg3 Nxe5 41. h7 1-0

[Event "Early-Titled-Tuesday-Blitz-April-23-2024"]
[Site "Chess.com"]
[Date "2024.04.23"]
[Round "6"]
[White "Louis-Paulsen-Fan"]
[Black "PonyQueen07"]
[Result "1-0"]
[WhiteElo "2342"]
[BlackElo "2195"]
[TimeControl "180+1"]
[EndTime "9:08:10 PDT"]
[Termination "Louis-Paulsen-Fan won on time"]

1. d4 Nf6 2. Nf3 d5 3. c4 e6 4. Nc3 c6 5. Bg5 Be7 6. e3 h6 7.
Bh4 O-O 8. Bd3 dxc4 9. Bxc4 Nd5 10. Bg3 Bb4 11. Qc2 Qa5 12. Rc1 b5 13. Bd3 c5 14. O-O c4 15. Bh7+ Kh8 16. Be4 Bxc3 17.
bxc3 Nc6 18. Bd6 Rd8 19. Bc5 Bb7 20. Nd2 Rab8 21. Bf3 Qc7 22. g3 e5 23. e4 Nf6 24. d5 Ne7 25. Bxa7 Ra8 26. Be3 Ra3 27. Qb2 Qa5 28. Bb6 Qxb6 29. Qxa3 Nc8 30. Qb4 Nd6 31.
a4 Ra8 32. Rb1 Ba6 33. axb5 Bxb5 34. Kg2 Qc7 35. Ra1 Rxa1 36. Rxa1 Bd7 37. Qa5 Qc8 38.
Qa8 Qxa8 39. Rxa8+ Kh7 40. Ra6 Bb5 41. Rxd6 1-0

[Event "Early-Titled-Tuesday-Blitz-April-23-2024"]
[Site "Chess.com"]
[Date "2024.04.23"]
[Round "6"]
[White "A4RookA3"]
[Black "Journey_to_GrandMaster_YT"]
[Result "0-1"]
[WhiteElo "2377"]
[BlackElo "2550"]
[TimeControl "180+1"]
[EndTime "9:08:11 PDT"]
[Termination "Journey_to_GrandMaster_YT won on time"]

1. d4 d6 2. e4 Nf6 3. Nc3 e5 4. dxe5 dxe5 5. Qxd8+ Kxd8 6. Bc4 Ke8 7. Nf3 Bd6 8. Ng5 Rf8 9. h3 c6 10. Be3 b5 11. Bb3 Nbd7 12. O-O-O Bc5 13. Rhe1 a5 14.
a4 b4 15. Nb1 Bxe3+ 16. Rxe3 Nc5 17. Nd2 Ba6 18. Nc4 Nxb3+ 19. cxb3 Bxc4 20. bxc4 Rd8 21. Red3 Rxd3 22. Rxd3 Ke7 23. Re3 Rd8 24. Nf3 Nd7 25.
b3 f6 26. Kc2 Nc5 27. Ne1 Rd4 28. f3 Ne6 29. Rd3 Nf4 30. Rxd4 exd4 31. c5 g5 32. g3 Nxh3 33. Kd3 Ke6 34. Kxd4 h5 35. Ng2 Nf2 36.
Ke3 Nd1+ 37. Kd2 Nc3 38. Kd3 Ke5 39. f4+ Ke6 40. Kc4 Nxe4 0-1